 Dungeon Crawl Stone Soup version 0.31-a0-233-g139696dc86 (webtiles) character file.

Game seed: 274144636567282778

143 qw the Shooter (level 5, -4/31 HPs)
             Began as a Gargoyle Hexslinger on July 8, 2023.
             Slain by an iguana (10 damage)
             ... on level 4 of the Dungeon.
             The game lasted 00:01:02 (2754 turns).

qw the Shooter (Gargoyle Hexslinger)                Turns: 2754, Time: 00:01:03

Health: -4/31      AC:  9    Str: 12    XL:     5   Next: 25%
Magic:  6/6        EV: 10    Int: 13    God:
Gold:   232        SH:  0    Dex: 14    Spells: 5/6 levels left

rFire   . . .        Y - +2 sling (flame)
rCold   . . .        (no shield)
rNeg    + . .        h - +0 ring mail
rPois   inf          (no helmet)
rElec   +            (no cloak)
rCorr   .            (no gloves)
SInv    .            (no boots)
Will    .....        (no amulet)
Stlth   +            (no ring)
HPRegen 0.25/turn    (no ring)
MPRegen 0.10/turn

%: no passive effects
@: no status effects
A: sickness immunity, AC +4, negative energy resistance 1, electricity
resistance, torment resistance 1, petrification resistance
a: no special abilities


You were on level 4 of the Dungeon.
You visited 1 branch of the dungeon, and saw 4 of its levels.

You collected 232 gold pieces.


Innate Abilities, Weirdness & Mutations

You are immune to sickness and miasma.
Your stone body is resilient. (AC +4)
You are immune to poison.
You resist negative energy. (rN+)
You are resistant to electric shocks. (rElec)
You are resistant to unholy torment.
You are immune to petrification.


   Skills:
 - Level 2.3 Fighting
 + Level 4.5 Ranged Weapons
 - Level 1.6 Armour
 - Level 1.5 Dodging
 - Level 1.0 Spellcasting
 - Level 2.6 Hexes


You had 5 spell levels left.
You knew the following spells:

 Your Spells              Type           Power      Damage    Failure   Level
a - Slow                  Hex            28%        N/A       21%         1

Your spell library contained the following spells:

 Spells                   Type           Power      Damage    Failure   Level
 Inner Flame              Hex/Fire       4%         N/A       71%         3
 Portal Projectile        Hex/Tloc       8%         N/A       71%         3
 Cause Fear               Hex            3%         N/A       90%         4

Inventory:

Hand Weapons
 Y - a +2 sling of flaming (weapon)
Armour
 d - a +1 robe of fire resistance
 h - a +0 ring mail (worn)
Scrolls
 b - 5 scrolls of teleportation
 f - a scroll of immolation {unknown}
Potions
 a - a potion of might {unknown}
 c - 2 potions of enlightenment {unknown}
 e - 2 potions of resistance {unknown}
 g - a potion of brilliance {unknown}
 j - a potion of ambrosia {unknown}
 m - 3 potions of lignification {unknown}

Dungeon Overview and Level Annotations

Branches:
Dungeon (4/15)
 Temple: D:4-7

Altars:
Ru

Shops:
D:1 (


Message History

The orc is heavily wounded.
The orc hits you with a +0 mace.
You shoot a sling bullet. The sling bullet barely misses the orc.
The sling bullet closely misses the iguana.
The sling bullet hits the kobold.
The sling bullet burns the kobold.
You kill the kobold!
The orc misses you.
You shoot a sling bullet. The sling bullet hits the orc!
The sling bullet burns the orc.
You kill the orc!
You shoot a sling bullet.
The sling bullet completely misses the iguana.
The iguana closely misses you.
2748 ||| Stepping ~*~*~tactically~*~*~ (outnumbered).
Enter note:
Enter note:
Enter note:
Enter note: You shoot a sling bullet.
The sling bullet hits the kobold.
The sling bullet burns the kobold.
The kobold is severely wounded.
The kobold hits you but does no damage.
You shoot a sling bullet. The sling bullet hits the kobold.
The sling bullet burns the kobold.
You kill the kobold!
You shoot a sling bullet.
The sling bullet hits the iguana but does no damage.
The iguana bites you but does no damage.
The iguana closely misses you.
You shoot a sling bullet.
The sling bullet barely misses the iguana.
The iguana bites you! The iguana misses you.
You shoot a sling bullet.
The sling bullet closely misses the iguana.
The iguana bites you. The iguana barely misses you.
You shoot a sling bullet.
The sling bullet barely misses the iguana.
The iguana bites you! The iguana barely misses you.
The scorpion barely misses you. The iguana bites you. The iguana bites you!
You die...

........ ...##### ...#
#### ...# ##..$ #..#
#...)K ...# #[...s###
.. ...# #
#....l).####... ...# #.
##l....... .#.#
####.#####@l......#
.#...
...........s....###
.#..#########.#.......#
.#########....#########
.#####.....####
..##...##### .....###
..############ #.#
##......##


You could see a scorpion and 2 iguanas.

Vanquished Creatures
  An iguana (D:4)
  4 adders
  3 worms (D:3)
  2 dart slugs
  6 orcs
  7 endoplasms
  A giant cockroach (D:3)
  8 goblins
  6 hobgoblins
  3 quokkas
  7 ball pythons
  2 bats
  4 frilled lizards
  6 kobolds
  4 rats
64 creatures vanquished.

Notes
Turn   | Place    | Note
-------+----------+-------------------------------------------
     0 | D:1      | qw the Gargoyle Hexslinger began the quest for the Orb.
     0 | D:1      | Reached XP level 1. HP: 12/12 MP: 2/2
     0 | D:1      | 0 ||| qw: Version: 0.3-a-46-gb1f654a
     0 | D:1      | 0 ||| qw: Game counter: 3736
     0 | D:1      | 0 ||| qw: Melee chars always use a shield: true
     0 | D:1      | 0 ||| qw: God list: Okawaru
     0 | D:1      | 0 ||| qw: Allow faded altars: false
     0 | D:1      | 0 ||| qw: Do Orc after clearing Dungeon:15 true
     0 | D:1      | 0 ||| qw: Do second Lair branch before Depths: true
     0 | D:1      | 0 ||| qw: Lair rune preference: random
     0 | D:1      | 0 ||| qw: Goals: Normal
     0 | D:1      | 0 ||| PLANNING D:1-11
    11 | D:1      | Found Hazorin's Antique Weapon Shoppe.
   196 | D:1      | Reached XP level 2. HP: 16/16 MP: 3/3
   262 | D:1      | Reached skill level 3 in Ranged Weapons
   909 | D:1      | 909 ||| READING scroll labelled OCKYBR HONKONOR.
   910 | D:1      | 910 ||| READING scroll labelled DUMITU FUKHUL.
   914 | D:1      | 914 ||| READING scroll labelled ZOCAEPL PUTOU.
   915 | D:1      | 915 ||| DROPPING scroll of poison.
   924 | D:2      | Found a faded altar of an unknown god.
   933 | D:2      | 933 ||| STAIRDANCE
   940 | D:1      | Reached XP level 3. HP: 11/22 MP: 4/4
  1513 | D:2      | 1513 ||| UPGRADING to +0 leather armour.
  1523 | D:2      | 1523 ||| DROPPING +0 robe.
  1524 | D:2      | 1524 ||| READING 3 scrolls labelled EZEEBE LANI.
  1525 | D:2      | 1525 ||| READING scroll labelled EXUEBU BYGO.
  1526 | D:2      | 1526 ||| READING scroll labelled NYOTIS RA NOSCH.
  1527 | D:2      | 1527 ||| DROPPING 2 scrolls of revelation.
  1818 | D:3      | Reached XP level 4. HP: 27/27 MP: 5/5
  2022 | D:3      | Reached skill level 4 in Ranged Weapons
  2123 | D:3      | 2123 ||| Stepping ~*~*~tactically~*~*~ (outnumbered).
  2296 | D:3      | 2296 ||| UPGRADING to +0 ring mail.
  2306 | D:3      | 2306 ||| DROPPING +0 leather armour.
  2307 | D:3      | 2307 ||| READING scroll labelled XIAGGU PAECSOT.
  2308 | D:3      | 2308 ||| READING scroll labelled ZUTTUP ZIALI.
  2309 | D:3      | 2309 ||| READING scroll labelled BEIRCH FONAODGH.
  2410 | D:3      | 2410 ||| DRINKING 2 smoky cyan potions.
  2411 | D:3      | 2411 ||| DROPPING potion of invisibility.
  2453 | D:4      | Reached skill level 1 in Armour
  2453 | D:4      | Reached XP level 5. HP: 23/31 MP: 6/6
  2543 | D:4      | Found a sacrificial altar of Ru.
  2748 | D:4      | 2748 ||| Stepping ~*~*~tactically~*~*~ (outnumbered).
  2754 | D:4      | HP: 6/31 [iguana (5)]
  2754 | D:4      | Slain by an iguana

Levels and vault maps discovered:
D:1:      amcnicky_arrival_underground_garden, layout_basic, serial_shops, shop
D:2:      layout_loops_ring, nicolae_ecumenical_pavilion,
          chequers_serial_rivers_marsh
D:3:      layout_basic, kennysheep_generic_room_9
D:4:      layout_rooms, hangedman_ru_absence,
          hangedman_abyss_or_decor_lesser_grid, minmay_joined_circles

Skill      XL: |  1  2  3  4 |
---------------+-------------+-----
Ranged Weapons | 3 4 |  4.5
Fighting       | 2 |  2.3
Armour         | 1 |  1.6
Dodging        | |  1.5
Spellcasting   | |  1.0
Hexes          | |  2.6

Action                     |  1- 3 |  4- 6 || total
---------------------------+-------+-------++-------
   Fire: Sling             |   140 |   101 ||   241
    Use: Scroll            |     6 |     3 ||     9
         Potion            |       |     1 ||     1
 Armour: Robe              |    12 |       ||    12
         Leather armour    |       |     9 ||     9
         Ring mail         |       |    19 ||    19
  Dodge: Dodged            |    40 |    46 ||    86

Table legend:
 A = Non-vault XP
 B = Vault XP
 C = Vault XP percentage of total XP
 D = Non-vault monster count
 E = Vault monster count
 F = Vault count percentage of total count
                 A         B        C        D         E       F
            +---------+---------+-------+---------+---------+-------
      Total |     199 |       6 |   2.9 |      60 |       4 |   6.2
            +---------+---------+-------+---------+---------+-------
        D:1 |      45 |       0 |   0.0 |      21 |       0 |   0.0
        D:2 |      17 |       0 |   0.0 |      10 |       0 |   0.0
        D:3 |      69 |       0 |   0.0 |      23 |       0 |   0.0
        D:4 |      68 |       6 |   8.1 |       6 |       4 |  40.0
            +---------+---------+-------+---------+---------+-------
